| TOP OF THE 1ST |
|
Mississippi Braves batting - Pitching for Tulsa Drillers : RHP Victor Torres
|
|
Pitching: RHP Victor Torres
|
|
|
Batting: RHB Hieronim Rutkowski
|
0-0: Ball 1-0: Called Strike 1-1: Foul Ball, location: 2F 1-2: Foul Ball, location: 2F 1-2: Foul Ball, location: 2F 1-2: Ball 2-2: Strikes out swinging
|
|
Batting: RHB Edgar Castillo
|
0-0: Foul Ball, location: 2F 0-1: Foul Ball, location: 2F 0-2: Ball 1-2: Ball 2-2: Foul Ball, location: 2F 2-2: Ball 3-2: Ground out 5-3 (Groundball, 5, EV 100.6 MPH)
|
|
Batting: LHB Erik Gretzky
|
0-0: Ball 1-0: Foul Ball, location: 2F 1-1: Foul Ball, location: 2F 1-2: Foul Ball, location: 2F 1-2: Foul Ball, location: 2F 1-2: Foul Ball, location: 2F 1-2: Ball 2-2: Ball 3-2: Ground out 1-3 (Groundball, 34S, EV 69.4 MPH)
|
| Top of the 1st over - 0 runs, 0 hits, 0 errors, 0 left on base; Mississippi 0 - Tulsa 0 |
| BOTTOM OF THE 1ST |
|
Tulsa Drillers batting - Pitching for Mississippi Braves : RHP Rodolfo Mendez
|
|
Pitching: RHP Rodolfo Mendez
|
|
|
Batting: SHB Shane Marcum
|
0-0: Called Strike 0-1: Ball 1-1: Ground out U3 (Groundball, 34, EV 90.0 MPH)
|
|
Batting: RHB Sam Saunders
|
0-0: Fly out, F7 (Flyball, 78M, EV 81.2 MPH)
|
|
Batting: RHB John Piccolo
|
0-0: Called Strike 0-1: Ball 1-1: Swinging Strike 1-2: Ball 2-2: Strikes out looking
|
| Bottom of the 1st over - 0 runs, 0 hits, 0 errors, 0 left on base; Mississippi 0 - Tulsa 0 |
| TOP OF THE 2ND |
|
Mississippi Braves batting - Pitching for Tulsa Drillers : RHP Victor Torres
|
|
Batting: RHB Luis Revilla
|
0-0: Called Strike 0-1: Foul Ball, location: 2F 0-2: Ball 1-2: SINGLE (Groundball, 25, EV 75.0 MPH) (infield hit)
|
|
Batting: LHB Chad Persaud
|
0-0: Called Strike 0-1: Called Strike 0-2: Fly out, F4 (Popup, 34, EV 76.9 MPH)
|
|
Batting: RHB Tade Post
|
0-0: Called Strike 0-1: Ball 1-1: Swinging Strike 1-2: Ball 2-2: Strikes out looking
|
|
Batting: RHB Mike Meeker
|
0-0: Ball 1-0: Called Strike 1-1: Foul Ball, location: 2F 1-2: Ball 2-2: Ground out 6-3 (Groundball, 6M, EV 87.5 MPH)
|
| Top of the 2nd over - 0 runs, 1 hit, 0 errors, 1 left on base; Mississippi 0 - Tulsa 0 |
| BOTTOM OF THE 2ND |
|
Tulsa Drillers batting - Pitching for Mississippi Braves : RHP Rodolfo Mendez
|
|
Batting: LHB Chris Fandino
|
0-0: Called Strike 0-1: Called Strike 0-2: Ball 1-2: Ball 2-2: Ball 3-2: Foul Ball, location: 2F 3-2: Foul Ball, location: 2F 3-2: Foul Ball, location: 2F 3-2: Base on Balls
|
|
Batting: SHB Xavier Alaniz
|
0-0: Called Strike 0-1: Foul Ball, location: 2F 0-2: Ball 1-2: Ball 2-2: Strikes out swinging
|
|
Batting: RHB Steve Perez
|
0-0: Called Strike 0-1: SINGLE (Flyball, 3D, EV 83.1 MPH) Chris Fandino to second
|
|
Batting: RHB T.J. Jordan
|
0-0: Foul Ball, location: 2F 0-1: Swinging Strike 0-2: Foul Ball, location: 2F 0-2: Ball 1-2: Foul Ball, location: 2F 1-2: Strikes out swinging
|
|
Batting: RHB Jerry Sanchez
|
0-0: Foul Ball, location: 2F 0-1: Swinging Strike 0-2: Fielders Choice at 2nd, 5-4 (Groundball, 5, EV 108.8 MPH)
|
| Bottom of the 2nd over - 0 runs, 1 hit, 0 errors, 2 left on base; Mississippi 0 - Tulsa 0 |
| TOP OF THE 3RD |
|
Mississippi Braves batting - Pitching for Tulsa Drillers : RHP Victor Torres
|
|
Batting: LHB Mike Tenorio
|
0-0: Called Strike 0-1: Ball 1-1: Called Strike 1-2: Strikes out swinging
|
|
Batting: LHB Jon Burgos
|
0-0: Ball 1-0: Foul Ball, location: 2F 1-1: SINGLE (Groundball, 25, EV 65.6 MPH) (infield hit)
|
|
Batting: RHB Hieronim Rutkowski
|
0-0: Ball 1-0: Called Strike 1-1: Fly out, F7 (Flyball, 78M, EV 88.1 MPH)
|
|
Batting: RHB Edgar Castillo
|
0-0: Ball 1-0: Called Strike 1-1: Ball 2-1: Foul Ball, location: 2F 2-2: DOUBLE (Flyball, 8RXD, EV 93.1 MPH) Jon Burgos to third Runner from 3rd tries for Home, SAFE, no throw by CF
|
|
Batting: LHB Erik Gretzky
|
0-0: SINGLE (Flyball, 56D, EV 93.1 MPH) Edgar Castillo to third Runner from 3rd tries for Home, SAFE, throw by LF to home
|
|
Batting: RHB Luis Revilla
|
0-0: Ball 1-0: Ball 2-0: Ball 3-0: Called Strike 3-1: Called Strike Erik Gretzky steals 2nd base 3-2: Foul Ball, location: 2F 3-2: Strikes out looking
|
| Top of the 3rd over - 2 runs, 3 hits, 0 errors, 1 left on base; Mississippi 2 - Tulsa 0 |
| BOTTOM OF THE 3RD |
|
Tulsa Drillers batting - Pitching for Mississippi Braves : RHP Rodolfo Mendez
|
|
Batting: RHB Tony Reyna
|
0-0: Called Strike 0-1: SINGLE (Line Drive, 7S, EV 92.5 MPH)
|
|
Batting: SHB Shane Marcum
|
0-0: Fielders Choice at 2nd, 6-4 (Groundball, 6, EV 88.1 MPH)
|
|
Batting: RHB Sam Saunders
|
0-0: Called Strike Shane Marcum is caught stealing 2nd base 2-4 0-1: Ground out 5-3 (Groundball, 56, EV 86.9 MPH)
|
| Bottom of the 3rd over - 0 runs, 1 hit, 0 errors, 0 left on base; Mississippi 2 - Tulsa 0 |
| TOP OF THE 4TH |
|
Mississippi Braves batting - Pitching for Tulsa Drillers : RHP Victor Torres
|
|
Batting: LHB Chad Persaud
|
0-0: Foul Ball, location: 2F 0-1: Ball 1-1: Called Strike 1-2: Strikes out swinging
|
|
Batting: RHB Tade Post
|
0-0: Fly out, F7 (Line Drive, 7S, EV 94.4 MPH)
|
|
Batting: RHB Mike Meeker
|
0-0: Ground out 1-3 (Groundball, 23, EV 70.0 MPH)
|
| Top of the 4th over - 0 runs, 0 hits, 0 errors, 0 left on base; Mississippi 2 - Tulsa 0 |
| BOTTOM OF THE 4TH |
|
Tulsa Drillers batting - Pitching for Mississippi Braves : RHP Rodolfo Mendez
|
|
Batting: RHB John Piccolo
|
0-0: Ball 1-0: Called Strike 1-1: Ball 2-1: Fly out, F7 (Flyball, 78S, EV 91.9 MPH)
|
|
Batting: LHB Chris Fandino
|
0-0: Ball 1-0: Ball 2-0: Ground out 6-3 (Groundball, 6, EV 89.4 MPH)
|
|
Batting: SHB Xavier Alaniz
|
0-0: Ball 1-0: Ball 2-0: Ground out 5-3 (Groundball, 25, EV 91.9 MPH)
|
| Bottom of the 4th over - 0 runs, 0 hits, 0 errors, 0 left on base; Mississippi 2 - Tulsa 0 |
| TOP OF THE 5TH |
|
Mississippi Braves batting - Pitching for Tulsa Drillers : RHP Victor Torres
|
|
Batting: LHB Mike Tenorio
|
0-0: Called Strike 0-1: Ground out 4-3 (Groundball, 4, EV 98.1 MPH)
|
|
Batting: LHB Jon Burgos
|
0-0: Ball 1-0: Called Strike 1-1: Ball 2-1: Ground out 6-3 (Groundball, 6M, EV 77.5 MPH)
|
|
Batting: RHB Hieronim Rutkowski
|
0-0: Called Strike 0-1: Swinging Strike 0-2: Ball 1-2: Ball 2-2: Foul Ball, location: 2F 2-2: Foul Ball, location: 2F 2-2: Ball 3-2: Base on Balls
|
|
Batting: RHB Edgar Castillo
|
0-0: Foul Ball, location: 2F 0-1: Fly out, F4 (Popup, 34, EV 68.8 MPH)
|
| Top of the 5th over - 0 runs, 0 hits, 0 errors, 1 left on base; Mississippi 2 - Tulsa 0 |
| BOTTOM OF THE 5TH |
|
Tulsa Drillers batting - Pitching for Mississippi Braves : RHP Rodolfo Mendez
|
|
Batting: RHB Steve Perez
|
0-0: SINGLE (Groundball, 6MD, EV 96.2 MPH)
|
|
Batting: RHB T.J. Jordan
|
0-0: Called Strike 0-1: Ground out 5-3 (Groundball, 5S, EV 73.8 MPH) Steve Perez to second
|
|
Batting: RHB Jerry Sanchez
|
0-0: Ball 1-0: Foul Ball, location: 2F 1-1: Hit by Pitch
|
|
Batting: RHB Tony Reyna
|
0-0: Foul Ball, location: 2F 0-1: SINGLE (Groundball, 56D, EV 109.4 MPH) Steve Perez to third Jerry Sanchez to second Runner from 3rd tries for Home, throw by LF and OUT! 7-2
|
|
Batting: SHB Shane Marcum
|
0-0: Ball 1-0: Ball 2-0: Called Strike 2-1: Swinging Strike 2-2: Fly out, F9 (Flyball, 9S, EV 91.9 MPH)
|
| Bottom of the 5th over - 0 runs, 2 hits, 0 errors, 2 left on base; Mississippi 2 - Tulsa 0 |
| TOP OF THE 6TH |
|
Mississippi Braves batting - Pitching for Tulsa Drillers : RHP Victor Torres
|
|
Batting: LHB Erik Gretzky
|
0-0: Ball 1-0: Ball 2-0: Called Strike 2-1: Ball 3-1: Base on Balls
|
|
Batting: RHB Luis Revilla
|
Pickoff Throw to First - Out! 1-3 CS 0-0: Foul Ball, location: 2F 0-1: Called Strike 0-2: Foul Ball, location: 2F 0-2: Ball 1-2: Hit by Pitch
|
|
Batting: LHB Chad Persaud
|
0-0: Ball Luis Revilla is caught stealing 2nd base 2-6 1-0: Ball 2-0: Called Strike 2-1: Ground out 6-3 (Groundball, 6, EV 106.2 MPH)
|
| Top of the 6th over - 0 runs, 0 hits, 0 errors, 0 left on base; Mississippi 2 - Tulsa 0 |
| BOTTOM OF THE 6TH |
|
Tulsa Drillers batting - Pitching for Mississippi Braves : RHP Rodolfo Mendez
|
|
Batting: RHB Sam Saunders
|
0-0: Ball 1-0: Called Strike 1-1: DOUBLE (Line Drive, 7LM, EV 107.5 MPH)
|
|
Batting: RHB John Piccolo
|
0-0: Ball 1-0: Ball 2-0: Fly out, F9 (Flyball, 9LS, EV 81.9 MPH)
|
|
Batting: LHB Chris Fandino
|
0-0: Ball 1-0: Ball 2-0: Called Strike 2-1: Foul Ball, location: 2F 2-2: Ball 3-2: Foul Ball, location: 2F 3-2: Base on Balls
|
|
Batting: SHB Xavier Alaniz
|
0-0: Ball 1-0: Foul Ball, location: 2F 1-1: Ball 2-1: Ball 3-1: Fly out, F7 (Line Drive, 78M, EV 90.6 MPH)
|
|
Batting: RHB Steve Perez
|
0-0: Ball 1-0: Ball 2-0: Ball 3-0: Called Strike 3-1: Base on Balls Sam Saunders to third Chris Fandino to second
|
|
Batting: RHB T.J. Jordan
|
0-0: Ball 1-0: Called Strike 1-1: Ball 2-1: Ball 3-1: Base on Balls Sam Saunders scores Chris Fandino to third Steve Perez to second
|
|
Pinch Hitting: LHB Steve Pond
|
0-0: Ball 1-0: Swinging Strike 1-1: Called Strike 1-2: Ball 2-2: Strikes out swinging
|
| Bottom of the 6th over - 1 run, 1 hit, 0 errors, 3 left on base; Mississippi 2 - Tulsa 1 |
| TOP OF THE 7TH |
|
Mississippi Braves batting - Pitching for Tulsa Drillers : RHP Victor Torres
|
|
Now at 2B: Terry Jarrells
|
|
|
Batting: RHB Tade Post
|
0-0: Ball 1-0: Fly out, F8 (Line Drive, 8RM, EV 90.0 MPH)
|
|
Batting: RHB Mike Meeker
|
0-0: Ball 1-0: Called Strike 1-1: Foul Ball, location: 2F 1-2: SINGLE (Groundball, 56S, EV 65.6 MPH) (infield hit)
|
|
Batting: LHB Mike Tenorio
|
0-0: Called Strike 0-1: Swinging Strike 0-2: Strikes out swinging
|
|
Pitching: LHP Billy Nash
|
|
|
Pinch Hitting: RHB Alex Velasquez
|
0-0: Ball 1-0: Called Strike Mike Meeker is caught stealing 2nd base 2-4
|
| Top of the 7th over - 0 runs, 1 hit, 0 errors, 0 left on base; Mississippi 2 - Tulsa 1 |
| BOTTOM OF THE 7TH |
|
Tulsa Drillers batting - Pitching for Mississippi Braves : RHP Rodolfo Mendez
|
|
Pitching: RHP Andy Kiefer
|
|
|
Now at 2B: Hieronim Rutkowski
|
|
|
Now at SS: Alex Velasquez
|
|
|
Now in LF: Edgar Castillo
|
|
|
Now in CF: Erik Gretzky
|
|
|
Pinch Hitting: LHB Hyoji Toda
|
0-0: Ball 1-0: Ball 2-0: Foul Ball, location: 2F 2-1: Foul Ball, location: 2F 2-2: Ball 3-2: Base on Balls
|
|
Batting: SHB Shane Marcum
|
0-0: Ball 1-0: Ball 2-0: Ball 3-0: Base on Balls Hyoji Toda to second
|
|
Batting: RHB Sam Saunders
|
0-0: Sac Bunt to P - play at first, batter OUT! 1-4 Hyoji Toda to third Shane Marcum to second
|
|
Batting: RHB John Piccolo
|
0-0: Called Strike 0-1: SINGLE (Groundball, 56D, EV 95.0 MPH) Hyoji Toda scores Shane Marcum to third Runner from 3rd tries for Home, SAFE, throw by LF to home John Piccolo to second
|
|
Batting: LHB Chris Fandino
|
0-0: DOUBLE (Flyball, 7LM, EV 88.1 MPH) John Piccolo scores
|
|
Batting: SHB Xavier Alaniz
|
0-0: Intentional Walk
|
|
Batting: RHB Steve Perez
|
0-0: Ball 1-0: Swinging Strike 1-1: Fly out, F6 (Popup, 6MS, EV 70.0 MPH)
|
|
Batting: RHB T.J. Jordan
|
0-0: Called Strike 0-1: Foul Ball, location: 2F 0-2: Fielders Choice at 2nd, 5-4 (Groundball, 56, EV 82.5 MPH)
|
| Bottom of the 7th over - 3 runs, 2 hits, 0 errors, 2 left on base; Mississippi 2 - Tulsa 4 |
| TOP OF THE 8TH |
|
Mississippi Braves batting - Pitching for Tulsa Drillers : LHP Billy Nash
|
|
Pitching: RHP Derek Ziolkowski
|
|
|
Now at 3B: Mike Plugge
|
|
|
Now at SS: Shane Marcum
|
|
|
Now in LF: Mike Staley
|
|
|
Batting: RHB Alex Velasquez
|
0-0: Foul Ball, location: 2F 0-1: Ball 1-1: Foul Ball, location: 2F 1-2: Foul Ball, location: 2F 1-2: Ball 2-2: Foul Ball, location: 2F 2-2: Foul Ball, location: 2F 2-2: Foul Ball, location: 2F 2-2: Strikes out looking
|
|
Batting: RHB Hieronim Rutkowski
|
0-0: Ball 1-0: Called Strike 1-1: Foul Ball, location: 2F 1-2: Strikes out swinging
|
|
Batting: RHB Edgar Castillo
|
0-0: Called Strike 0-1: Foul Ball, location: 2F 0-2: Ground out 6-3 (Groundball, 6MS, EV 83.8 MPH)
|
| Top of the 8th over - 0 runs, 0 hits, 0 errors, 0 left on base; Mississippi 2 - Tulsa 4 |
| BOTTOM OF THE 8TH |
|
Tulsa Drillers batting - Pitching for Mississippi Braves : RHP Andy Kiefer
|
|
Pitching: RHP Carlos Esquivel
|
|
|
Batting: RHB Terry Jarrells
|
0-0: Called Strike 0-1: Foul Ball, location: 2F 0-2: Strikes out swinging
|
|
Batting: RHB Mike Plugge
|
0-0: Ball 1-0: Called Strike 1-1: Fly out, F8 (Flyball, 89S, EV 87.5 MPH)
|
|
Batting: SHB Shane Marcum
|
0-0: Ball 1-0: Foul Ball, location: 2F 1-1: Swinging Strike 1-2: Strikes out swinging
|
| Bottom of the 8th over - 0 runs, 0 hits, 0 errors, 0 left on base; Mississippi 2 - Tulsa 4 |
| TOP OF THE 9TH |
|
Mississippi Braves batting - Pitching for Tulsa Drillers : RHP Derek Ziolkowski
|
|
Pitching: RHP Adonis Loyd
|
|
|
Batting: LHB Erik Gretzky
|
0-0: Fly out, F7 (Flyball, 78XD, EV 88.1 MPH)
|
|
Batting: RHB Luis Revilla
|
0-0: Ball 1-0: Foul Ball, location: 2F 1-1: Foul Ball, location: 2F 1-2: SINGLE (Groundball, 4D, EV 100.0 MPH)
|
|
Batting: LHB Chad Persaud
|
0-0: SINGLE (Line Drive, 4D, EV 94.4 MPH) Luis Revilla to second
|
|
Batting: RHB Tade Post
|
0-0: Foul Ball, location: 2F 0-1: Called Strike 0-2: Ball 1-2: Ball 2-2: Ball 3-2: SINGLE (Line Drive, 9S, EV 110.0 MPH) Luis Revilla to third Chad Persaud to second
|
|
Pinch Hitting: LHB Oke Monti
|
0-0: Ball 1-0: Foul Ball, location: 2F 1-1: Foul Ball, location: 2F 1-2: Ball 2-2: Foul Ball, location: 2F 2-2: Foul Ball, location: 2F 2-2: Ball 3-2: Base on Balls Luis Revilla scores Chad Persaud to third Tade Post to second
|
|
Batting: LHB Mike Tenorio
|
0-0: Ball 1-0: Ball 2-0: Foul Ball, location: 2F 2-1: Ball 3-1: Foul Ball, location: 2F 3-2: Strikes out swinging
|
|
Pinch Hitting: SHB Bob Morales
|
0-0: Swinging Strike 0-1: Ball 1-1: SINGLE (Flyball, 8RS, EV 88.8 MPH) Chad Persaud scores Tade Post to third Oke Monti to second Runner from 3rd tries for Home, throw by CF and OUT! 8-2
|
| Top of the 9th over - 2 runs, 4 hits, 0 errors, 2 left on base; Mississippi 4 - Tulsa 4 |
| BOTTOM OF THE 9TH |
|
Tulsa Drillers batting - Pitching for Mississippi Braves : RHP Carlos Esquivel
|
|
Now at 2B: Erik Gretzky
|
|
|
Now at 3B: Juan Aguilar
|
|
|
Now at SS: Hieronim Rutkowski
|
|
|
Now in CF: Bob Morales
|
|
|
Batting: RHB Sam Saunders
|
0-0: Foul Ball, location: 2F 0-1: Foul Ball, location: 2F 0-2: Foul Ball, location: 2F 0-2: Ball 1-2: Ball 2-2: Ground out 3-1 (Groundball, 34S, EV 91.2 MPH)
|
|
Batting: RHB John Piccolo
|
0-0: Called Strike 0-1: Foul Ball, location: 2F 0-2: Ball 1-2: Foul Ball, location: 2F 1-2: Strikes out looking
|
|
Batting: LHB Chris Fandino
|
0-0: Ball 1-0: Swinging Strike 1-1: Ball 2-1: Ball 3-1: Foul Ball, location: 2F 3-2: Base on Balls
|
|
Batting: LHB Mike Staley
|
0-0: Called Strike 0-1: Reached on error, E6 (Groundball, 6D, EV 108.8 MPH) Chris Fandino to second
|
|
Pinch Hitting: LHB Jose Robles
|
0-0: Fly out, F8 (Flyball, 8LXD, EV 101.2 MPH)
|
| Bottom of the 9th over - 0 runs, 0 hits, 1 error, 2 left on base; Mississippi 4 - Tulsa 4 |
| TOP OF THE 10TH |
|
Mississippi Braves batting - Pitching for Tulsa Drillers : RHP Adonis Loyd
|
|
Pitching: RHP Craig Fallon
|
|
|
Now at 1B: Jose Robles
|
|
|
Batting: RHB Hieronim Rutkowski
|
0-0: Called Strike 0-1: Ball 1-1: Swinging Strike 1-2: Strikes out looking
|
|
Batting: RHB Edgar Castillo
|
0-0: Ball 1-0: Ball 2-0: Ground out U3 (Groundball, 3S, EV 65.0 MPH)
|
|
Batting: LHB Erik Gretzky
|
0-0: Ball 1-0: Ball 2-0: Called Strike 2-1: Ball 3-1: Fly out, F7 (Line Drive, 7, EV 90.0 MPH)
|
| Top of the 10th over - 0 runs, 0 hits, 0 errors, 0 left on base; Mississippi 4 - Tulsa 4 |
| BOTTOM OF THE 10TH |
|
Tulsa Drillers batting - Pitching for Mississippi Braves : RHP Carlos Esquivel
|
|
Pitching: RHP Alfredo Leiva
|
|
|
Batting: RHB T.J. Jordan
|
0-0: Called Strike 0-1: Called Strike 0-2: Strikes out looking
|
|
Batting: RHB Terry Jarrells
|
0-0: Ball 1-0: Ball 2-0: Foul Ball, location: 2F 2-1: DOUBLE (Line Drive, 8RXD, EV 101.2 MPH)
|
|
Batting: RHB Mike Plugge
|
0-0: Ball 1-0: Ball 2-0: Foul Ball, location: 2F 2-1: Foul Ball, location: 2F 2-2: Ball 3-2: Ground out 4-3 (Groundball, 4, EV 81.9 MPH) Terry Jarrells to third
|
|
Batting: SHB Shane Marcum
|
0-0: Intentional Walk
|
|
Batting: RHB Sam Saunders
|
0-0: Called Strike 0-1: Ball 1-1: Ball 2-1: Ball 3-1: SINGLE (Line Drive, 6MD, EV 96.2 MPH) Terry Jarrells scores
|
| Bottom of the 10th over - 1 run, 2 hits, 0 errors, 1 left on base; Mississippi 4 - Tulsa 5 |
|